Construct Section Command Post
Selects Australian Defense Battlegroup
Selects Australian Light Infantry Section
Selects 2-pounder Anti-tank Gun Team
2-pounder Anti-tank Gun Team
Construct Platoon Command Post
6-pounder Anti-tank Gun Team
Selects CMP 15cwt Supply Run
Construct Company Command Post
6-pounder Anti-tank Gun Team
Selects Vehicle Over Repair
6-pounder Anti-tank Gun Team
Selects Reinforced Resource Caches
Selects Charged Creeping Barrage